 Dungeon Crawl Stone Soup version 0.32-a0-699-g1ee5eff69a (webtiles) character file.

Game seed: 16384803594912709618

299498 Alarak the Eclecticist (level 21, -5/134 (149) HPs)
             Began as a Djinni Fire Elementalist on Mar 11, 2024.
             Was the Champion of Makhleb.
             Killed from afar by a deep elf annihilator (62 damage)
             ... with an iron shot
             ... on level 3 of the Elven Halls on Mar 13, 2024.
             The game lasted 03:53:20 (35898 turns).

Alarak the Eclecticist (Djinni Fire Elementalist)  Turns: 35898, Time: 03:53:20

HP:   -5/134 (149)  AC: 23    Str:  7    XL:     21   Next: 89%
Gold: 5092          EV: 35    Int: 27    God:    Makhleb [******] SH: 14 Dex: 20

rFire   + + +        j - staff of air
rCold   x x .        J - +0 kite shield {AC+3}
rNeg    . . .        N - +2 ring mail of the Kissing Gods {Regen+ Slay+4}
rPois   ∞            v - +0 helmet
rElec   +            I - +3 cloak of Insurance {Will++}
rCorr   .            w - +2 pair of gloves {Dex+3}
SInv    .            (boots unavailable)
Will    ++++.        C - amulet of the Shining Light {Acrobat rPois Regen+ Int+2}
Stlth   ++           L - ring of fire
HPRegen 2.02/turn    G - +5 ring of evasion
MPRegen 0.00/turn

%: acrobat, infuse magic (-6 HP)
@: fugue, acrobatic, flying, studying Polearms, heavily drained
A: sickness immunity, fire resistance 2, cold vulnerability 1, float, innate
caster, HP casting, extra vitality 1
}: 2/15 runes: decaying, serpentine
a: Renounce Religion, Minor Destruction, Lesser Servant of Makhleb, Major
Destruction, Greater Servant of Makhleb


You were on level 3 of the Elven Halls.
You worshipped Makhleb.
Makhleb was exalted by your worship.
You visited 7 branches of the dungeon, and saw 34 of its levels.
You visited 1 bazaar.
You also visited: Sewer, Ossuary, Bailey, Gauntlet and Ice Cave.

You collected 6190 gold pieces.
You spent 1098 gold pieces at shops.

Inventory:

Missiles
 n - a throwing net
Armour
 v - a +0 helmet (worn)
 w - a +2 pair of gloves of dexterity (worn)
 I - the +3 cloak of Insurance (worn) {Will++}
   (You found it on level 14 of the Dungeon)

   Will++:    It greatly increases your willpower.
 J - a +0 kite shield of protection (worn)
 N - the +2 ring mail of the Kissing Gods (worn) {Regen+ Slay+4}
   (You found it on level 14 of the Dungeon)

   Slay+4:    It affects your accuracy & damage with ranged weapons and melee
   (+4).
   Regen+:    It increases your rate of health regeneration.
 R - a +2 cloak of cold resistance
Magical Staves
 i - a staff of earth
 j - a staff of air (weapon)
 A - a staff of conjuration
Jewellery
 o - the ring "Ecrih" {rC+ Str+2 Dex+2}
   (You found it on level 5 of the Lair of Beasts)

   [ring of protection from cold]

   Str+2:     It affects your strength (+2).
   Dex+2:     It affects your dexterity (+2).
   rC+:       It protects you from cold.
 p - a ring of see invisible
 C - the amulet of the Shining Light (around neck) {Acrobat rPois Regen+ Int+2}
   (You took it off an orc on level 8 of the Dungeon)

   [amulet of the acrobat]

   Acrobat:   It increases your evasion while moving and waiting.
   Int+2:     It affects your intelligence (+2).
   rPois:     It protects you from poison.
   Regen+:    It increases your rate of health regeneration.
 D - a ring of willpower
 G - a +5 ring of evasion (right hand)
 L - a ring of fire (left hand)
 X - a +4 ring of protection
Wands
 a - a wand of warping (39)
 b - a wand of digging (17)
 k - a wand of flame (69)
 O - a wand of polymorph (4)
 T - a wand of paralysis (20)
 Z - a wand of quicksilver (31)
Scrolls
 c - 4 scrolls of poison
 d - 14 scrolls of identify
 g - 12 scrolls of fog
 h - 4 scrolls of butterflies
 r - 11 scrolls of fear
 t - 2 scrolls of silence
 y - 5 scrolls of enchant armour
 F - 3 scrolls of revelation
 H - 11 scrolls of teleportation
 K - a scroll of torment
 P - 2 scrolls of immolation
 Q - 9 scrolls of blinking
 S - 3 scrolls of enchant weapon
 W - a scroll of acquirement
Potions
 e - 12 potions of curing
 l - 5 potions of mutation
 m - 4 potions of haste
 q - a potion of brilliance
 s - 2 potions of ambrosia
 x - 4 potions of might
 z - a potion of invisibility
 B - 5 potions of berserk rage
 E - 2 potions of cancellation
 U - a potion of degeneration {unknown}
 V - a potion of resistance
 Y - 6 potions of enlightenment
Miscellaneous
 f - a sack of spiders
 u - a tin of tremorstones (2/2)


   Skills:
 - Level 13.2 Fighting
 - Level 12.0 Staves
 - Level 14.0 Armour
 - Level 15.0 Dodging
 - Level 1.5 Stealth
 + Level 14.1 Shields
 - Level 17.2 Spellcasting
 - Level 17.2 Conjurations
 - Level 17.2 Hexes
 - Level 17.2 Summonings
 - Level 17.2 Necromancy
 - Level 17.2 Translocations
 - Level 17.2 Fire Magic
 - Level 17.2 Ice Magic
 - Level 17.2 Air Magic
 - Level 17.2 Earth Magic
 - Level 17.2 Alchemy
 - Level 8.1 Invocations
 - Level 10.0 Evocations


You knew the following spells:

 Your Spells              Type           Power      Damage    Failure   Level
a - Foxfire               Conj/Fire      100%       2x1d9     0%          1
b - Scorch                Fire           100%       2d9       0%          2
c - Volatile Blastmotes   Fire/Tloc      100%       2d18      1%          3
d - Inner Flame           Hex/Fire       100%       N/A       1%          3
e - Flame Wave            Conj/Fire      100%       2d21      1%          4
f - Apportation           Tloc           100%       N/A       0%          1
g - Jinxbite              Hex            100%       N/A       0%          2
h - Call Canine Familiar  Summ           86%        N/A       1%          3
i - Fugue of the Fallen   Necr           86%        N/A       1%          3
j - Irradiate             Conj/Alch      43%        3d26      1%          5
k - Iskenderun's Battles  Conj           86%        2d13      1%          5
l - Summon Cactus Giant   Summ           43%        N/A       1%          6
m - Starburst             Conj/Fire      54%        6d15      1%          6
n - Plasma Beam           Fire/Air       66%        2x1d82    1%          6
o - Lehudib's Crystal Sp  Conj/Erth      43%        10d10     58%         8
Your spell library was empty.

Dungeon Overview and Level Annotations

Branches:
Dungeon (15/15)            Temple (1/1) D:5            Lair (5/5) D:8
  Swamp (4/4) Lair:2        Snake (4/4) Lair:2        Slime (0/5) Lair:5
    Orc (2/2) D:11            Elf (3/3) Orc:2        Vaults (0/5) D:13
 Depths (0/4) D:15          Sewer (visited)         Ossuary (visited)
 Bailey (visited)           IceCv (visited)         Gauntlet (visited)

Altars:
Ashenzari
Cheibriados
Dithmenos
Elyvilon
Fedhas
Gozag
Hepliaklqana
Makhleb
Nemelex Xobeh
Okawaru
Qazlal
Ru
Trog
Uskayaw
Wu Jian
Xom
Yredelemnul
Zin
The Shining One
Jiyva

Shops:
D:1 *   D:9 *   D:10 *   Orc:1 *   Orc:2 :*[(   Elf:1 ?   Snake:3 :

Portals:
Hell: Lair:5

Annotations:
D:6 1 transporter, nuthulu's ghost, amateur GrFi
D:7 2 transporters, FlatIsJustice's ghost, novice FoFi
D:10 2 transporters


Innate Abilities, Weirdness & Mutations

You are immune to sickness and miasma.
You are immune to poison.
Your flesh is very heat resistant. (rF++)
You are vulnerable to cold. (rC-)
You float through the air rather than walking.
You learn spells naturally, not from books.
Your magical power is your life essence.
You have superior vitality. (+4 MHP)


Message History

The deep elf sorcerer is engulfed in blazing flames.
The deep elf sorcerer casts a spell at you.
The bolt of acid misses you.
Casting: Inner Flame (safe; 1% risk of failure)
Confirm with . or Enter, or press ? or * to list all spells.
Aiming: Inner Flame (safe; 1% risk of failure)
Press: ? - help, Dir - move target, f - deep elf annihilator
Aim: a deep elf annihilator, wielding a +0 dagger and wearing a +0 leather armour (flame, spells empowered, chance to affect: 45%)
You feel a surge of power!
The deep elf annihilator resists with some effort.
The deep elf sorcerer wildly gestures.
You feel disoriented.
The deep elf sorcerer is engulfed in blazing flames.
The deep elf sorcerer points at you and mumbles some strange words.
The bolt of acid misses you.
The deep elf annihilator is engulfed in blazing flames.
A deep elf death mage comes into view.
It is wielding a +1 short sword of distortion.
The deep elf high priest invokes the aid of its god against you.
Something smites you!
The tormentor calls on the powers of darkness!
The deep elf high priest convulses!
The deep elf sorcerer convulses!
The deep elf high priest convulses!
The deep elf demonologist convulses!
The deep elf high priest convulses!
The deep elf sorcerer convulses!
The deep elf death mage convulses!
The deep elf annihilator convulses!
Your body is wracked with pain!
* * * LOW HITPOINT WARNING * * *
You feel much better.
The deep elf sorcerer is engulfed in blazing flames.
A deep elf pyromancer comes into view. It is wielding a +0 long sword.
The deep elf demonologist casts a spell.
The deep elf annihilator gestures at you while chanting.
The crystal spear misses you.
The deep elf sorcerer is engulfed in blazing flames.
You kill the deep elf sorcerer!
Makhleb accepts your kill.
You feel better.
Unknown command.
The deep elf annihilator points at you and mumbles some strange words.
The iron shot hits you!!!
You die...

##=.## #:/.#
##:.## $ ##.)|#
)$ ##.).## .)e
###?.)## ..)e
###).[.## .3.2e
####)[)..##
.42.e1#@*[:..###
#eee§e[.:(###
###########


You could see a deep elf annihilator (empowered), a deep elf demonologist
(empowered), 2 deep elf high priests and a friendly battlesphere.

Vanquished Creatures
  Nikola (Swamp:4)
  Norris (Elf:3)
  A tentacled monstrosity (Swamp:2)
  Mlioglotl (Snake:1)
  Jorgrun (Swamp:3)
  2 deep elf blademasters
  Asterion (Elf:1)
  A deep elf master archer (Elf:3)
  Frances (Elf:1)
  Aizul (Snake:2)
  A thorn hunter (Swamp:4)
  Donald (Swamp:1)
  4 nagarajas (Snake:4)
  A fenstrider witch (Swamp:3)
  5 deep elf sorcerers
  Louise (D:15)
  A deep elf elementalist (Elf:3)
  An orc warlord (Orc:2)
  6 deep elf demonologists
  5 eleionomae
  4 bunyips
  A minotaur (Gauntlet)
  2 deep elf annihilators (Elf:3)
  5 deep elf death magi (Elf:3)
  The ghost of Rucoj Isk the Grappler, a journeyman DrSh of Hepliaklqana (D:13)
  An entropy weaver (shapeshifter) (D:14)
  An ettin (Orc:2)
  2 fire dragons
  2 deep elf high priests (Elf:3)
  5 vault guards (D:13)
  Josephine (D:11)
  23 hydras
  A ghost crab (Swamp:4)
  2 catoblepae
  A hell beast (Lair:5)
  A rakshasa (D:10)
  8 anacondas
  9 alligators
  4 ogre magi
  Erica (D:8)
  20 dancing weapons
  7 centaur warriors
  6 death yaks (Lair:4)
  4 two-headed ogres
  4 boulder beetles
  A deep troll earth mage (D:15)
  10 naga sharpshooters
  2 tengu warriors (D:15)
  An occultist (D:10)
  16 deep elf knights
  2 orc high priests
  14 naga warriors
  A soul eater (Gauntlet)
  3 shock serpents
  3 fire crabs
  5 skysharks
  3 salamander mystics
  A death drake (Gauntlet)
  7 goliath frogs
  6 spriggan druids
  A skeletal warrior (D:14)
  7 deep elf archers
  6 mana vipers
  16 swamp dragons
  8 bog bodies
  9 naga ritualists
  A lindwurm (Lair:5)
  24 deep elf pyromancers
  A necromancer (IceCv)
  3 thermic dynamos (Elf:2)
  23 deep elf zephyrmancers
  A harpy (D:14)
  4 orc sorcerers (Orc:2)
  A shining eye (Gauntlet)
  A wolf spider (D:14)
  10 salamanders
  2 will-o-the-wisps
  30 ugly things
  7 orc knights
  A spectral centaur (Gauntlet)
  12 cyclopes
  A manticore (shapeshifter) (D:13)
  3 meliai (D:13)
  46 black mambas
  An elephant (shapeshifter) (D:14)
  6 manticores
  18 naga magi
  A meliai (shapeshifter) (D:14)
  A kobold blastminer (Orc:2)
  12 elephants
  An ice statue (IceCv)
  2 guardian serpents
  14 cane toads
  2 orange demons (Lair:5)
  A black mamba (shapeshifter) (D:14)
  4 rime drakes
  4 gargoyles
  Jeremiah (D:8)
  15 ice devils
  5 kobold demonologists
  4 freezing wraiths
  A yaktaur (D:13)
  2 tengu conjurers (D:13)
  2 efreet (D:15)
  9 komodo dragons
  7 tyrant leeches
  A troll (shapeshifter) (D:15)
  A polar bear (shapeshifter) (Elf:2)
  A wind drake (shapeshifter) (D:14)
  7 trolls
  4 bloated husks
  11 hornets
  A red devil (Lair:5)
  4 polar bears
  Grinder (D:4)
  Prince Ribbit (D:5)
  9 blink frogs
  4 dream sheep (Lair:4)
  A raiju (shapeshifter) (Elf:2)
  9 spriggans
  A shadow (D:11)
  A centaur simulacrum (Gauntlet)
  19 slime creatures
  57 yaks
  4 water elementals (Elf:2)
  An air elemental (Elf:2)
  2 fire elementals
  6 wraiths
  3 dire elephant simulacra (IceCv)
  12 wyverns
  2 unseen horror simulacra (D:9)
  A warg (Orc:2)
  A golden eye (shapeshifter) (Elf:2)
  8 basilisks
  A human (D:13)
  4 death yak simulacra (IceCv)
  A steam dragon (shapeshifter) (Elf:3)
  2 steam dragons (D:8)
  5 vampire mosquitoes
  Menkaure (D:6)
  18 swamp worms
  3 harpy simulacra (IceCv)
  An acid dragon (D:11)
  2 hydra simulacra (IceCv)
  14 water moccasins
  55 nagas
  A nameless horror (Snake:1)
  Duvessa (D:5)
  24 orc warriors
  3 laughing skulls (D:14)
  11 swamp drakes
  An ice dragon simulacrum (Gauntlet)
  5 ice beasts
  3 sky beasts (D:6)
  A boggart (D:10)
  22 wolves
  7 ogres
  10 centaurs
  3 phantoms
  Blork the orc (D:5)
  5 kobold brigands
  2 brain worms (Sewer)
  10 bullfrogs
  9 gnoll sergeants
  5 cane toad simulacra (IceCv)
  5 scorpions
  An earth elemental (Elf:2)
  3 two-headed ogre simulacra (IceCv)
  9 wights
  Dowan (D:5)
  4 elephant simulacra (IceCv)
  5 killer bees
  6 electric eels
  6 howler monkeys
  A bombardier beetle (D:5)
  3 lava snakes (Lair:2)
  5 centaur zombies
  A human zombie (Ossuary)
  5 hounds
  10 orc priests
  Crazy Yiuf (D:4)
  5 gnoll boudas
  2 sleepcaps (D:5)
  9 orc wizards
  Ijyb (D:5)
  8 scorpion zombies (Ossuary)
  6 polar bear simulacra (IceCv)
  A spriggan simulacrum (IceCv)
  A wolf simulacrum (IceCv)
  3 mummies (Ossuary)
  10 adders
  31 gnolls
  A naga simulacrum (IceCv)
  A river rat (Sewer)
  2 shadow imps
  7 white imps
  3 ufetubi
  6 adder zombies (Ossuary)
  A ribbon worm (D:5)
  A dart slug (D:2)
  46 orcs
  11 ball pythons
  15 endoplasms
  4 giant cockroaches
  14 goblins
  4 hobgoblins
  19 kobolds
  3 quokkas
  3 bats (D:1)
  11 frilled lizards
  2 jackal zombies (Ossuary)
  An orc zombie (Ossuary)
  10 rats
  2 butterflies (Lair:4)
1273 creatures vanquished.

Vanquished Creatures (collateral kills)
  3 nagarajas (Snake:4)
  A deep elf elementalist (Elf:3)
  A deep elf death mage (Elf:3)
  2 hydras (Lair:4)
  4 salamander tyrants (Snake:4)
  7 dancing weapons
  3 naga sharpshooters (Snake:4)
  2 salamander mystics (Snake:4)
  An arcanist (Lair:5)
  A spectral wolf spider (Gauntlet)
  9 salamanders
  2 naga magi (Snake:4)
  2 black mambas (Snake:4)
  A smoke demon (Lair:5)
  A guardian serpent (Snake:4)
  An orange demon (Lair:5)
  A rime drake (Lair:5)
  A komodo dragon (Lair:5)
  A hornet (Gauntlet)
  A centaur simulacrum (Gauntlet)
  An air elemental (Elf:3)
  A warg (Orc:2)
  A golden eye (Gauntlet)
  4 nagas
  2 water moccasins
  4 hell hounds (Lair:5)
  2 orc warriors
  A black bear (D:5)
  An ogre (Orc:2)
  A wolf (Lair:5)
  2 shadow imps (Gauntlet)
  An ufetubus (D:6)
  An adder zombie (Ossuary)
  2 orcs
  A hobgoblin (D:4)
  16 foxfires
86 creatures vanquished.

Vanquished Creatures (others)
  A salamander tyrant (Snake:4)
  A naga (Snake:4)
  A swamp drake (Swamp:4)
  A boggart (D:14)
  An ufetubus (IceCv)
  3213 foxfires
3218 creatures vanquished.

Grand Total: 4577 creatures vanquished

Notes
Turn   | Place    | Note
-------+----------+-------------------------------------------
     0 | D:1      | Alarak the Djinni Fire Elementalist began the quest for the
                  | Orb.
     0 | D:1      | Alarak set off with the following spells memorised:
                  | Foxfire, Scorch, Volatile Blastmotes, Inner Flame, Flame
                  | Wave.
     0 | D:1      | Reached XP level 1. HP: 15/15 MP: 0/0
    19 | D:1      | Reached XP level 2. HP: 11/21 MP: 0/0
   290 | D:1      | Found a faded altar of an unknown god.
   428 | D:1      | Reached XP level 3. HP: 19/25 MP: 0/0
   428 | D:1      | Learned a level 1 spell: Apportation
   528 | D:1      | Found Heitahym's Assorted Antiques.
  1784 | D:3      | Reached XP level 4. HP: 28/31 MP: 0/0
  2175 | D:3      | Found a glowing drain.
  2179 | Sewer    | Entered a sewer
  2226 | Sewer    | Reached XP level 5. HP: 32/35 MP: 0/0
  2226 | Sewer    | Learned a level 2 spell: Jinxbite
  2297 | Sewer    | Noticed a brain worm
  2300 | Sewer    | Killed a brain worm
  2301 | Sewer    | Reached skill level 5 in Spellcasting
  2301 | Sewer    | Reached skill level 5 in Conjurations
  2301 | Sewer    | Reached skill level 5 in Hexes
  2301 | Sewer    | Reached skill level 5 in Summonings
  2301 | Sewer    | Reached skill level 5 in Necromancy
  2301 | Sewer    | Reached skill level 5 in Translocations
  2301 | Sewer    | Reached skill level 5 in Fire Magic
  2301 | Sewer    | Reached skill level 5 in Ice Magic
  2301 | Sewer    | Reached skill level 5 in Air Magic
  2301 | Sewer    | Reached skill level 5 in Earth Magic
  2301 | Sewer    | Reached skill level 5 in Alchemy
  2441 | Sewer    | Noticed a brain worm
  2444 | Sewer    | Reached XP level 6. HP: 34/40 MP: 0/0
  3511 | D:4      | Noticed Grinder
  3523 | D:4      | Killed Grinder
  3524 | D:4      | Reached XP level 7. HP: 32/45 MP: 0/0
  3524 | D:4      | Learned a level 3 spell: Call Canine Familiar
  4095 | D:4      | Found a runed translucent door.
  4096 | D:4      | Noticed Crazy Yiuf
  4324 | D:4      | Killed Crazy Yiuf
  4351 | D:4      | Identified the +7 hammer "Hiashuge" {flame, ^Drain Will-
                  | rCorr Str+5}
  4448 | D:5      | Entered Level 5 of the Dungeon
  4507 | D:5      | Noticed Prince Ribbit
  4515 | D:5      | Killed Prince Ribbit
  4516 | D:5      | Reached XP level 8. HP: 26/50 MP: 0/0
  4572 | D:5      | Noticed Duvessa
  4579 | D:5      | Noticed Dowan
  4779 | D:5      | Killed Duvessa
  4779 | D:5      | Killed Dowan
  4937 | D:5      | Noticed Blork the orc
  4942 | D:5      | Killed Blork the orc
  5096 | D:5      | Noticed Ijyb
  5143 | D:5      | Killed Ijyb
  5388 | D:5      | Found a staircase to the Ecumenical Temple.
  5655 | Temple   | Entered the Ecumenical Temple
  5720 | Temple   | Became a worshipper of Makhleb the Destroyer
  5814 | D:6      | Reached XP level 9. HP: 44/55 MP: 0/0
  5814 | D:6      | Learned a level 3 spell: Fugue of the Fallen
  6220 | D:6      | Noticed a hornet
  6301 | D:6      | Found a transporter.
  6306 | D:6      | Found a transporter.
  6307 | D:6      | Noticed nuthulu's ghost (amateur GrFi)
  6358 | D:6      | Found a sand-covered staircase.
  6365 | Ossuary  | Entered an ossuary
  6758 | Ossuary  | Reached * piety under Makhleb
  6761 | Ossuary  | Reached skill level 10 in Spellcasting
  6761 | Ossuary  | Reached skill level 10 in Conjurations
  6761 | Ossuary  | Reached skill level 10 in Hexes
  6761 | Ossuary  | Reached skill level 10 in Summonings
  6761 | Ossuary  | Reached skill level 10 in Necromancy
  6761 | Ossuary  | Reached skill level 10 in Translocations
  6761 | Ossuary  | Reached skill level 10 in Fire Magic
  6761 | Ossuary  | Reached skill level 10 in Ice Magic
  6761 | Ossuary  | Reached skill level 10 in Air Magic
  6761 | Ossuary  | Reached skill level 10 in Earth Magic
  6761 | Ossuary  | Reached skill level 10 in Alchemy
  7216 | D:6      | Reached skill level 5 in Dodging
  7330 | D:6      | Noticed Menkaure
  7334 | D:6      | Reached XP level 10. HP: 29/60 MP: 0/0
  7525 | D:6      | Killed Menkaure
  7685 | D:6      | Found a hazy altar of Hepliaklqana.
  8822 | D:7      | Found a transporter.
  8857 | D:7      | Found a bloodstained altar of Trog.
  8857 | D:7      | Noticed FlatIsJustice's ghost (novice FoFi)
  8873 | D:7      | Noticed a moth of wrath
  8883 | D:7      | Found a transporter.
  8988 | D:8      | Reached ** piety under Makhleb
  8989 | D:8      | Found a flagged portal.
  8998 | Bailey   | Entered a bailey
  9707 | Bailey   | Reached skill level 10 in Dodging
 10069 | D:8      | Reached skill level 1 in Fighting
 10103 | D:8      | Found a sacrificial altar of Ru.
 10224 | D:8      | Noticed Jeremiah
 10234 | D:8      | Killed Jeremiah
 10359 | D:8      | Identified the amulet of the Shining Light {Acrobat rPois
                  | Regen+ Int+2}
 10374 | D:8      | Reached *** piety under Makhleb
 10509 | D:8      | Reached XP level 11. HP: 44/73 MP: 0/0
 10509 | D:8      | Learned a level 5 spell: Irradiate
 10808 | D:8      | Found a staircase to the Lair.
 10822 | D:8      | Reached skill level 5 in Fighting
 10844 | D:8      | Found a glowing golden altar of the Shining One.
 11115 | D:8      | Noticed Erica
 11154 | D:8      | Killed Erica
 11449 | D:9      | Reached **** piety under Makhleb
 11760 | D:9      | Reached skill level 10 in Fighting
 11862 | D:9      | Reached XP level 12. HP: 71/92 MP: 0/0
 12149 | D:9      | Found Hoasipla's General Store.
 12420 | D:10     | Entered Level 10 of the Dungeon
 12624 | D:10     | Reached ***** piety under Makhleb
 12802 | D:10     | Noticed an occultist
 12802 | D:10     | Noticed an ogre mage
 12802 | D:10     | Noticed a centaur warrior
 12812 | D:10     | Noticed a rakshasa
 12812 | D:10     | Noticed a fire dragon
 12813 | D:10     | Noticed an ogre mage
 12867 | D:10     | Found a hide-covered altar of Uskayaw.
 12920 | D:10     | Found Netean's General Store.
 12939 | D:10     | Noticed a sun demon
 13050 | D:10     | Found an ornate altar of the Wu Jian Council.
 13268 | D:10     | Found a transporter.
 13268 | D:10     | Noticed a boulder beetle
 13282 | D:10     | Found a transporter.
 13577 | D:10     | Killed a fire dragon
 13577 | D:10     | Killed an occultist
 13577 | D:10     | Killed an ogre mage
 13578 | D:10     | Killed a centaur warrior
 13586 | D:10     | Killed a rakshasa
 13593 | D:10     | Killed an ogre mage
 13594 | D:10     | Reached XP level 13. HP: 50/99 MP: 0/0
 13594 | D:10     | Learned a level 5 spell: Iskenderun's Battlesphere
 13696 | D:10     | Identified the +10 short sword of the Vulture {freeze,
                  | rElec rC- MP+9 Int+2}
 13698 | D:10     | Identified the +12 short sword "Upneatz" {freeze, rF+++ rC-
                  | rCorr Str-5}
 13806 | D:11     | Reached skill level 1 in Armour
 13873 | D:11     | Noticed Josephine
 13880 | D:11     | Killed Josephine
 13908 | D:11     | Reached skill level 5 in Armour
 14085 | D:11     | Reached skill level 1 in Invocations
 14091 | D:11     | Found a staircase to the Orcish Mines.
 14555 | D:12     | Identified a scroll of acquirement
 14568 | D:12     | Acquired a manual of Armour
 15109 | D:12     | Reached skill level 5 in Invocations
 15567 | D:13     | Noticed a centaur warrior
 15571 | D:13     | Killed a centaur warrior
 15637 | D:13     | Noticed a vault guard
 15651 | D:13     | Noticed a vault guard
 15659 | D:13     | Killed a vault guard
 15716 | D:13     | Killed a vault guard
 15804 | Lair:1   | Entered Level 1 of the Lair of Beasts
 15997 | Lair:1   | Noticed a catoblepas
 16007 | Lair:1   | Killed a catoblepas
 16008 | Lair:1   | Reached XP level 14. HP: 99/105 MP: 0/0
 16587 | Lair:2   | Found a staircase to the Snake Pit.
 16615 | Lair:2   | Reached ****** piety under Makhleb
 16616 | Lair:2   | Reached skill level 10 in Armour
 16902 | Lair:2   | Found a frozen archway.
 16941 | IceCv    | Entered an ice cave
 17503 | IceCv    | Reached skill level 1 in Evocations
 18281 | Lair:2   | Found a staircase to the Swamp.
 18574 | Lair:3   | Identified the +0 chain mail of Lekluq {-Tele rN+ Regen+
                  | Int+2}
 18698 | Lair:3   | Reached skill level 5 in Evocations
 18841 | Lair:3   | Reached XP level 15. HP: 97/110 MP: 0/0
 18841 | Lair:3   | Learned a level 6 spell: Summon Cactus Giant
 19295 | Lair:4   | Reached skill level 10 in Evocations
 19791 | Lair:5   | Entered Level 5 of the Lair of Beasts
 20087 | Lair:5   | Found a viscous altar of Jiyva.
 20088 | Lair:5   | Found a staircase to the Slime Pits.
 20116 | Lair:5   | Found a gate leading to a gauntlet.
 20125 | Gauntlet | Entered a Gauntlet
 20125 | Gauntlet | Found a transporter.
 20138 | Gauntlet | Found a transporter.
 20141 | Gauntlet | Found a transporter.
 20142 | Gauntlet | Found a transporter.
 20150 | Gauntlet | Found a transporter.
 20153 | Gauntlet | Found a transporter.
 20154 | Gauntlet | Found a transporter.
 20166 | Gauntlet | Found a transporter.
 20167 | Gauntlet | Found a transporter.
 20167 | Gauntlet | Found a transporter.
 20179 | Gauntlet | Found a transporter.
 20180 | Gauntlet | Found a transporter.
 20193 | Gauntlet | Found a transporter.
 20222 | Gauntlet | Found a transporter.
 20413 | Gauntlet | Reached XP level 16. HP: 93/116 MP: 0/0
 20529 | Gauntlet | Identified the +2 dagger of Famine {protect, +Blink MP+9}
 20669 | Lair:5   | Upgraded the game from 0.32-a0-675-gdc239d62e1 to
                  | 0.32-a0-685-g93135e86f0
 20824 | Lair:5   | Identified the +3 leather armour of the Comet {rElec rN+++
                  | Str+2 Dex-3}
 21238 | Lair:5   | Found a burning altar of Makhleb.
 21244 | Lair:5   | Found a gateway to Hell.
 21251 | Lair:5   | Identified the ring "Ecrih" {rC+ Str+2 Dex+2}
 21663 | Orc:1    | Entered Level 1 of the Orcish Mines
 21913 | Orc:1    | Found Bivixzat's Assorted Antiques.
 22002 | Orc:2    | Entered Level 2 of the Orcish Mines
 22015 | Orc:2    | Reached skill level 1 in Shields
 22183 | Orc:2    | Paralysed by an orc sorcerer for 5 turns
 22188 | Orc:2    | Reached skill level 5 in Shields
 22228 | Orc:2    | Found a staircase to the Elven Halls.
 22254 | Orc:2    | Found Zuarongo's Antique Weapon Shoppe.
 22336 | Orc:2    | Found Ezeb's Antique Armour Emporium.
 22372 | Orc:2    | Found Vevo's Book Shoppe.
 22500 | Orc:2    | Found Tiyxkiluo's General Store.
 22808 | Orc:1    | Bought a potion of curing for 78 gold pieces
 22808 | Orc:1    | Bought a potion of heal wounds for 130 gold pieces
 22943 | Snake:1  | Entered Level 1 of the Snake Pit
 23171 | Snake:1  | You are sucked into a shaft and drop 1 floor!
 23747 | Snake:2  | Reached XP level 17. HP: 115/121 MP: 0/0
 23747 | Snake:2  | Learned a level 6 spell: Starburst
 23922 | Snake:1  | Noticed Mlioglotl
 23930 | Snake:1  | Killed Mlioglotl
 23931 | Snake:1  | Reached skill level 10 in Shields
 24896 | Snake:2  | Identified the serpent talisman of Resonance {rC- Int+6}
 24896 | Snake:2  | Noticed Aizul
 24903 | Snake:2  | Killed Aizul
 25805 | Snake:3  | Found Qynemp's Self-Published Books.
 25865 | Snake:3  | Reached skill level 15 in Spellcasting
 25865 | Snake:3  | Reached skill level 15 in Conjurations
 25865 | Snake:3  | Reached skill level 15 in Hexes
 25865 | Snake:3  | Reached skill level 15 in Summonings
 25865 | Snake:3  | Reached skill level 15 in Necromancy
 25865 | Snake:3  | Reached skill level 15 in Translocations
 25865 | Snake:3  | Reached skill level 15 in Fire Magic
 25865 | Snake:3  | Reached skill level 15 in Ice Magic
 25865 | Snake:3  | Reached skill level 15 in Air Magic
 25865 | Snake:3  | Reached skill level 15 in Earth Magic
 25865 | Snake:3  | Reached skill level 15 in Alchemy
 26409 | Snake:4  | Entered Level 4 of the Snake Pit
 27026 | Snake:4  | Reached XP level 18. HP: 108/128 MP: 0/0
 27492 | Snake:4  | HP: 6/128 [salamander mystic/+0 quarterstaff (6)]
 27849 | Snake:4  | Got a serpentine rune of Zot
 28489 | Swamp:1  | Entered Level 1 of the Swamp
 28494 | Swamp:1  | Reached skill level 1 in Staves
 28543 | Swamp:1  | Noticed Donald
 28557 | Swamp:1  | Killed Donald
 28570 | Swamp:1  | Reached skill level 5 in Staves
 29037 | Swamp:2  | Noticed a tentacled monstrosity
 29043 | Swamp:2  | Killed a tentacled monstrosity
 29152 | Swamp:2  | Reached XP level 19. HP: 121/132 MP: 0/0
 29152 | Swamp:2  | Learned a level 6 spell: Plasma Beam
 30071 | Swamp:3  | Noticed Jorgrun
 30075 | Swamp:3  | Killed Jorgrun
 30459 | Swamp:4  | Entered Level 4 of the Swamp
 30487 | Swamp:4  | Noticed Nikola
 30490 | Swamp:4  | Killed Nikola
 30518 | Swamp:4  | Reached skill level 10 in Staves
 30628 | Swamp:4  | Got a decaying rune of Zot
 31144 | D:13     | You are sucked into a shaft and drop 2 floors!
 31144 | D:15     | Entered Level 15 of the Dungeon
 31399 | D:15     | Noticed Louise
 31406 | D:15     | Killed Louise
 31442 | D:15     | Reached XP level 20. HP: 114/139 MP: 0/0
 31586 | D:15     | Found a staircase to the Depths.
 32428 | D:14     | Identified the +2 ring mail of the Kissing Gods {Regen+
                  | Slay+4}
 32449 | D:14     | Identified the +3 cloak of Insurance {Will++}
 32675 | D:14     | Found a shadowy altar of Dithmenos.
 33091 | D:13     | Found a gate to the Vaults.
 33265 | D:13     | Found a runed translucent door.
 33266 | D:13     | Noticed Rucoj Isk's ghost (journeyman DrSh)
 33487 | D:13     | Killed Rucoj Isk's ghost
 33494 | D:13     | Identified the +6 morningstar "Concordance" {heavy, rPois
                  | rF+ Dex+2}
 33495 | D:13     | Identified the +10 orcbow of Eminent Domain {drain, Fly rC-
                  | Str+4}
 33598 | Elf:1    | Entered Level 1 of the Elven Halls
 33755 | Elf:1    | Noticed Asterion
 33757 | Elf:1    | Killed Asterion
 33758 | Elf:1    | Reached skill level 15 in Dodging
 34102 | Elf:1    | Found Zisek's Magic Scroll Boutique.
 34110 | Elf:1    | Bought a scroll of fog for 40 gold pieces
 34110 | Elf:1    | Bought a scroll of teleportation for 30 gold pieces
 34123 | Elf:1    | Noticed Frances
 34127 | Elf:1    | Killed Frances
 34153 | Elf:1    | You are sucked into a shaft and drop 1 floor!
 34166 | Elf:2    | Found a huge runed translucent gate.
 34166 | Elf:2    | Found a huge runed translucent gate.
 34167 | Elf:2    | Found a huge runed translucent gate.
 34168 | Elf:2    | Found a huge runed translucent gate.
 34183 | Elf:2    | Found a huge runed translucent gate.
 34241 | Elf:2    | Reached XP level 21. HP: 37/148 MP: 0/0
 34241 | Elf:2    | Learned a level 8 spell: Lehudib's Crystal Spear
 34653 | Elf:2    | Found a flickering gateway to a bazaar.
 34661 | Bazaar   | Entered a bazaar
 34682 | Bazaar   | Found Goimepseix's Jewellery Shoppe.
 34682 | Bazaar   | Found Jigigae's Magic Scroll Emporium.
 34687 | Bazaar   | Bought a scroll of enchant armour for 67 gold pieces
 34687 | Bazaar   | Bought a scroll of teleportation for 27 gold pieces
 34687 | Bazaar   | Bought a scroll of enchant armour for 67 gold pieces
 34687 | Bazaar   | Bought a scroll of teleportation for 27 gold pieces
 34687 | Bazaar   | Bought a scroll of revelation for 67 gold pieces
 34704 | Bazaar   | Found Keyzxonuc's Armour Shoppe.
 34704 | Bazaar   | Found Torad's Magic Scroll Emporium.
 34709 | Bazaar   | Bought a scroll of fog for 36 gold pieces
 34709 | Bazaar   | Bought a scroll of enchant armour for 67 gold pieces
 34726 | Bazaar   | Found Ulle's Magic Scroll Emporium.
 34727 | Bazaar   | Acquired 1125 gold pieces
 34733 | Bazaar   | Bought a scroll of fear for 48 gold pieces
 34733 | Bazaar   | Bought a scroll of blinking for 90 gold pieces
 34733 | Bazaar   | Bought 2 scrolls of fear for 96 gold pieces
 34733 | Bazaar   | Bought a scroll of blinking for 90 gold pieces
 34733 | Bazaar   | Bought a scroll of fog for 48 gold pieces
 34733 | Bazaar   | Bought a scroll of blinking for 90 gold pieces
 35046 | Elf:2    | Identified the +1 dagger "Dragon's Tongue" {holy, Dex+2}
 35078 | Elf:2    | Upgraded the game from 0.32-a0-685-g93135e86f0 to
                  | 0.32-a0-699-g1ee5eff69a
 35097 | Elf:2    | Identified the +8 chain mail "Gimeskeb" {rN+ Str+3}
 35529 | Elf:3    | Entered Level 3 of the Elven Halls
 35529 | Elf:3    | Noticed Norris
 35535 | Elf:3    | Killed Norris
 35761 | Elf:3    | Identified the +1 shortbow of the Ageless Spines {freeze,
                  | rPois Int+5}
 35799 | Elf:3    | Paralysed by an air elemental for 1 turns
 35824 | Elf:3    | Identified the ring "Gifits" {Fly Int+2}
 35845 | Elf:3    | Identified the +2 halberd of Doom {drain, Fly rCorr Str+2
                  | Dex-4}
 35851 | Elf:3    | Identified the +5 sling "Lyjysuok" {antimagic, rElec rF+
                  | Int+2}
 35868 | Elf:3    | Identified the staff of the Sage {rPois rF+ rCorr Summ
                  | Fire}
 35898 | Elf:3    | Killed from afar by a deep elf annihilator

Illustrated notes

Levels and vault maps discovered:
D:1:      psy_arrival_basics, layout_loops_ring,
          hellmonk_ecumenical_altar_run_dry, serial_shops, shop
D:2:      layout_loops_cross
D:3:      layout_basic, mainiacjoe_sewer_entry_somewhere_in_here_2,
          chequers_serial_rivers_large_b
D:4:      layout_loops_ring, uniq_crazy_yiuf_cottage, uniq_grinder
D:5:      layout_basic, minmay_temple_entry_statues_pillars, uniq_blork_the_orc,
          uniq_prince_ribbit1, uniq_duvessa, uniq_ijyb
D:6:      layout_loops_corners, mainiacjoe_overflow_brackets,
          chequers_ossuary_entry_cave, gammafunk_ghost_hive, uniq_menkaure
D:7:      layout_cave_pools, gammafunk_ghost_wrathful_warriors
D:8:      layout_basic, overflow_temple_1_default,
          nicolae_ru_great_annihilating_truth, david_lair_shrubbed,
          enter_bailey_5, minmay_orc_keep, uniq_jeremiah, uniq_erica
D:9:      layout_cave_pools, serial_ice, serial_ice_m, serial_ice_f,
          serial_ice_i, serial_ice_h, serial_ice_n, serial_ice_d, serial_ice_o,
          serial_ice_e, serial_ice_b, serial_ice_a, nicolae_take_the_stairs,
          grunt_ministairs_5
D:10:     gammafunk_boulding_lane, layout_basic, lemuel_coloured_pillars_altar,
          nicolae_uskayaw_murder_on_the_dancefloor, serial_shops, shop,
          chequers_serial_rivers_room_a, minivault_12
D:11:     layout_long_grid, orc_0_dummy, uniq_josephine
D:12:     layout_cave_pods
D:13:     layout_irregular_city, grunt_vaults_entry_fortified,
          ebering_ghost_inner_flame
D:14:     minmay_the_grid_octo_tiled_octocenter_mashed
          [minmay_the_grid_octo_horde, minmay_the_grid_octo_clover_2,
          minmay_the_grid_octo_thin_diamonds, minmay_the_grid_octo_toaster,
          minmay_the_grid_octo_prize_star, minmay_the_grid_square_5x5_corner,
          minmay_the_grid_square_5x5_half_checkered,
          minmay_the_grid_square_5x5_moneybag,
          minmay_the_grid_square_5x5_bracketed], layout_irregular_city,
          minmay_stone_trees_medium, glass_columns_b,
          nicolae_dithmenos_through_a_glass_darkly
D:15:     hellmonk_depths_entry_around_the_bend, layout_basic,
          minmay_misc_feat_ornament, uniq_louise
Temple:   minmay_crystal_spiral_temple
Lair:1:   layout_gridlike, grunt_megastairs_1
Lair:2:   layout_small_grid, mainiacjoe_swamp_entry_angry_trees,
          nicolae_snake_entry_warm_welcome, portal_ice_cave_demonic_guard,
          infiniplex_staircase_pool, serial_bayou_shore_a
Lair:3:   layout_misc_corridors
Lair:4:   layout_cave_shapes, grunt_megastairs_2, infiniplex_staircase_pool_2,
          lemuel_fruit_fields
Lair:5:   evil_forest, layout_loops_ring, slime_entry_1, gauntlet_entry_generic,
          nicolae_lair_grazing_beasts [nicolae_sub_lair_graze_edge,
          nicolae_sub_lair_graze_edge, nicolae_sub_lair_graze_edge,
          nicolae_sub_lair_graze_edge], lemuel_fruit_tree
Swamp:1:  layout_basic_swamp, nicolae_swamp_little_swirl,
          statue_in_the_mist_lemuel, uniq_donald
Swamp:2:  layout_basic_swamp, evilmike_swamp_ruin_house_2, swamp_pool_4
Swamp:3:  layout_basic_swamp, serial_swamp_ruin, evilmike_swamp_ruin_rubble_1,
          evilmike_swamp_ruin_house_6, evilmike_swamp_ruin_rubble_2,
          st_swamp_ruins_2, uniq_jorgrun
Swamp:4:  swamp_alternative, layout_basic_swamp, uniq_nikola
Snake:1:  layout_grid_maze, serial_bayou_shore_b, uniq_mlioglotl
Snake:2:  layout_honeycomb, uniq_aizul
Snake:3:  layout_gridlike, nicolae_custom_books, nicolae_elevator_lobby_asterisk
Snake:4:  minmay_snake_end_coiled, layout_gridlike, serial_bayou_pond_d,
          nrook_loot_triangle, grunt_megastairs_5, serial_bayou_shore_b
Orc:1:    nicolae_orc_accident_2, layout_caves, serial_shops,
          nicolae_shop_tiny_real_fake_doors, einodemon_barbed_minivault
Orc:2:    grunt_orc_gardens, layout_diamond_mine, grunt_orc_garden,
          grunt_orc_garden, grunt_orc_garden, grunt_orc_garden
Elf:1:    minmay_elf_arrival_plus, layout_geoelf_diagonals, serial_shops, shop,
          serial_glass, glass_columns_b, glass_columns_a, glass_columns_a,
          glass_columns_b, glass_columns_c, minmay_elf_necromancy, uniq_frances,
          uniq_asterion
Elf:2:    elven_hall_of_blades_hangedman_alternative
          [nicolae_blade_entry_pointy_end], layout_gridlike, serial_shops,
          bzr_in_the_mist, evilmike_ambush [evilmike_ambush_outer_basic,
          evilmike_ambush_inner_basic], grunt_megastairs_4
Elf:3:    minmay_elf_hall_quartered_circle, layout_geoelf_octagon, serial_shops,
          shop_statue, nicolae_elf_variegated_diamond, uniq_norris

Skill      XL: |  1  2  3  4  5  6  7  8  9 10 11 12 13 14 15 16 17 18 19 20 21 |
---------------+----------------------------------------------------------------+-----
Spellcasting   | 4 5 6 7 8 10 12 13 14 16 17 | 17.2
Conjurations   | 4 5 6 7 8 10 12 13 14 16 17 | 17.2
Hexes          | 4 5 6 7 8 10 12 13 14 16 17 | 17.2
Summonings     | 4 5 6 7 8 10 12 13 14 16 17 | 17.2
Necromancy     | 4 5 6 7 8 10 12 13 14 16 17 | 17.2
Translocations | 4 5 6 7 8 10 12 13 14 16 17 | 17.2
Fire Magic     | 4 5 6 7 8 10 12 13 14 16 17 | 17.2
Ice Magic      | 4 5 6 7 8 10 12 13 14 16 17 | 17.2
Air Magic      | 4 5 6 7 8 10 12 13 14 16 17 | 17.2
Earth Magic    | 4 5 6 7 8 10 12 13 14 16 17 | 17.2
Alchemy        | 4 5 6 7 8 10 12 13 14 16 17 | 17.2
Dodging        | 5 10 15 | 15.0
Fighting       | 4 10 11 12 13 | 13.2
Armour         | 6 14 | 14.0
Invocations    | 8 |  8.1
Evocations     | 5 10 | 10.0
Shields        | 9 10 14 | 14.1
Staves         | 6 12 | 12.0
Stealth        | |  1.5

Action                     |  1- 3 |  4- 6 |  7- 9 | 10-12 | 13-15 | 16-18 | 19-21 || total
---------------------------+-------+-------+-------+-------+-------+-------+-------++-------
  Melee: Unarmed           |     4 |       |       |       |       |       |       ||     4
         Staff             |       |       |       |       |    73 |   142 |    19 ||   234
         Short sword       |       |       |       |       |     9 |       |       ||     9
   Fire: Hand cannon       |       |       |       |       |     7 |       |       ||     7
   Cast: Foxfire           |    96 |   150 |   182 |   479 |   411 |   522 |    18 ||  1858
         Scorch            |     5 |     9 |    33 |    67 |    72 |    89 |    11 ||   286
         Call Canine Famil |       |       |    10 |     7 |     3 |    12 |       ||    32
         Inner Flame       |       |       |    54 |   128 |    95 |   160 |     4 ||   441
         Flame Wave        |       |       |     2 |    18 |    46 |    21 |     1 ||    88
         Fugue of the Fall |       |       |     1 |       |    20 |    29 |    18 ||    68
         Jinxbite          |       |       |     1 |       |     1 |       |       ||     2
         Volatile Blastmot |       |       |       |     8 |       |       |       ||     8
         Irradiate         |       |       |       |     5 |    18 |    24 |     4 ||    51
         Iskenderun's Batt |       |       |       |       |    86 |   154 |    66 ||   306
         Summon Cactus Gia |       |       |       |       |    15 |    47 |    20 ||    82
         Starburst         |       |       |       |       |       |    18 |    18 ||    36
         Plasma Beam       |       |       |       |       |       |       |   439 ||   439
  Evoke: Wand              |       |       |       |     1 |       |     1 |       ||     2
    Use: Scroll            |       |     6 |       |    17 |     9 |     2 |     4 ||    38
         Potion            |       |       |       |     1 |     1 |     7 |     4 ||    13
   Stab: Sleeping          |       |       |       |       |       |     1 |       ||     1
         Distracted        |       |       |       |       |       |     1 |       ||     1
 Armour: Robe              |     1 |     4 |    35 |    77 |     1 |       |       ||   118
         Leather armour    |       |       |       |       |   246 |     7 |       ||   253
         Acid dragon scale |       |       |       |       |       |   460 |    29 ||   489
         Skin              |       |       |       |       |       |    18 |       ||    18
         Ring mail         |       |       |       |       |       |       |    82 ||    82
  Dodge: Dodged            |     3 |     5 |    21 |    76 |   270 |   422 |    97 ||   894
  Block: Kite shield       |       |       |       |       |       |   243 |    69 ||   312

Table legend: (Time is in decaauts)
 A = Elapsed time spent in this place.
 B = Non-inter-level travel time spent in this place.
 C = Inter-level travel time spent in this place.
 D = Time resting spent in this place.
 E = Time spent auto-exploring this place.
 F = Levels seen in this place.
 G = Mean time per level.
                   A        B        C        D        E       F      G
               +--------+--------+--------+--------+--------+-----+--------+
         Total |  35981 |  32504 |   3477 |   3774 |  21872 |  40 |  899.5 |
       Dungeon |  16291 |  14445 |   1846 |   1723 |  10307 |  15 | 1086.1 |
        Temple |    130 |      1 |    129 |      0 |      0 |   1 |  130.0 |
          Lair |   4894 |   4157 |    737 |     50 |   3078 |   5 |  978.8 |
         Swamp |   2323 |   2074 |    249 |     22 |   1651 |   4 |  580.8 |
     Snake Pit |   5535 |   5196 |    339 |    594 |   3269 |   4 | 1383.8 |
  Orcish Mines |    994 |    929 |     65 |    146 |    568 |   2 |  497.0 |
   Elven Halls |   2102 |   1991 |    111 |    143 |   1361 |   3 |  700.7 |
        Bazaar |    193 |    193 |      0 |      0 |     86 |   1 |  193.0 |
         Sewer |    536 |    536 |      0 |    156 |    284 |   1 |  536.0 |
       Ossuary |    755 |    755 |      0 |    267 |    304 |   1 |  755.0 |
        Bailey |    955 |    955 |      0 |    483 |    308 |   1 |  955.0 |
      Ice Cave |    785 |    785 |      0 |    190 |    374 |   1 |  785.0 |
      Gauntlet |    481 |    481 |      0 |      0 |    282 |   1 |  481.0 |
               +--------+--------+--------+--------+--------+-----+--------+

Top non-repeatable levels by time:
     D:6: 1746 daAuts
 Snake:4: 1673 daAuts
     D:8: 1607 daAuts
  Lair:2: 1494 daAuts
    D:10: 1437 daAuts
 Snake:3: 1365 daAuts
 Snake:2: 1354 daAuts
     D:4: 1300 daAuts
  Lair:5: 1230 daAuts
   Elf:2: 1180 daAuts
     D:9: 1180 daAuts
 Snake:1: 1142 daAuts
     D:3: 1078 daAuts
    D:12: 1031 daAuts
     D:5: 1011 daAuts
